Zazza, lawful female dwarven Archeologist --------------------------------- ------------ +................................#### |.<........| |.----....-----.----+--..-----..| # |..........| |.| |---.|...-.-..| ..|...|..| ###|..........| ..| |..|.|._.|.|..| ..|@.f|..| #...........| |.-+-|..|.|...|.--------.|(.m|..| |..........| |....|..|.|...|....-...|.--@--..| |..........| |.{..-|--.----|....|...|........| ------------ ...........+ -+--.-----..-----.| |....-|--..| |........+.%%|.| |.-.-|..|.----- |-|--....|.]%|.| |.|..|..|.|..(| |...|---.-----.| ..|..|---.-...| |...| +.......| |.|..|....|...| |...| |.......| |.----....-----+---------.....{.| |...............................| --------------------------------- Zazza the Digger Experience level: 1 Strength: 11 Dexterity: 10 Constitution: 16 Intelligence: 15 Wisdom: 13 Charisma: 14 Health: 0(15) Energy: 1(1) Def: 2 Gold: 0 Moves: 1569 Dungeon seed: Jn0LN1aWJrQMbH7Z Game ID: Zazza_1621932601 Your Inventory: Weapons a - a +2 bullwhip Armor n - an uncursed +0 fedora r - an uncursed +0 elven mithril-coat Comestibles b - 4 uncursed food rations j - an uncursed tripe ration z - an uncursed pancake D - an uncursed food ration Scrolls o - an uncursed scroll of teleportation v - an uncursed scroll of create monster C - a blessed scroll of gold detection Potions A - an uncursed potion of invisibility Rings B - a cursed ring of hunger Wands h - a wand of speed monster (0:5) Tools d - a tinning kit (0:38) f - an uncursed sack t - an expensive camera (0:60) E - 7 uncursed wax candles (0:400) Gems e - an uncursed ruby q - an uncursed touchstone Contents of the sack: 1284 gold pieces a +0 pick-axe Spells and supernatural/magical abilities: Name Level Category Fail Memory W - pray for help -- divine ? -- Your skills at the end: Fighting Skills Weapon Skills pick-axe [Basic] whip [Basic] Spellcasting Skills Final Attributes: You were fervently aligned. You had infravision. You were stealthy. You were protected. You were fast. You are dead. Vanquished creatures: a dwarf a werejackal 3 hobbits 8 gnomes 6 jackals a goblin 6 grid bugs a bat 2 lichens a kobold zombie 3 newts 33 creatures vanquished. Voluntary challenges: You never hit with a wielded weapon. You were a pacifist. You read items or engraved 1 time, starting on turn 139. You never genocided any monsters. You never polymorphed an object. You never changed form. You used no wishes. You never split a pudding. You never wrote Elbereth's name. You never violated your personal moral code. Dungeon overview: The Dungeons of Doom: levels 1 to 3 Level 1 a long staircase Level 2 many fountains Level 3 a fountain stairs to The Gnomish Mines The Gnomish Mines: levels 4 to 6 Level 4 stairs to The Dungeons of Doom Level 5 Level 6 <- You were here some shops, a temple to Huhetotl, some fountains History has recorded: On T:1 you entered the Dungeons of Doom to retrieve the Amulet of Yendor! On T:113 you reached level 2 of The Dungeons of Doom. On T:603 you reached level 3 of The Dungeons of Doom. On T:700 you reached level 1 of The Gnomish Mines. On T:908 you reached level 2 of The Gnomish Mines. On T:1249 you reached level 3 of The Gnomish Mines. Score breakdown: Gold: 1284 (10575 points) Experience: 1 level ( 0 points) Exploration: 6 levels ( 12.77%) ( 9890 points) Discoveries: 5 items ( 1.72%) ( 3932 points) Valuables value: (no points given unless you survive) Artifact value: 0 ( 0 points) Variety of kills: 11 monsters ( 2.89%) ( 5097 points) Turncount: 1569 turns ( 0 points) Survival: died (score multiplied by 80%) Total score: 23595 Latest messages: You stop. Armand is in the way! You displace Armand. The door opens. You displace Armand. You stop. Armand is in the way! "Hello, Zazza! Welcome again to Izchak's lighting store!" There is an open door here. You see here 7 wax candles. E - 7 wax candles. You think there's a mimic there. There are a few objects here. Wait! That's a small mimic! There are a few objects here. You stop. Armand is in the way! You displace Armand. "Hello, Zazza! Welcome again to Izchak's lighting store!" There's still a monster there. (4x) The small mimic hits! There's still a monster there. (6x) The small mimic hits! You die... Izchak gratefully inherits all your possessions. Final status: Goodbye Zazza the Archeologist, killed by a small mimic... You died in The Gnomish Mines on dungeon level 6 with 23595 points, and 1284 pieces of gold, after 1569 moves. You were level 1 with a maximum of 15 hit points when you died.